 Dungeon Crawl Stone Soup version 0.20.0-8-g6b59dc7 (webtiles) character file.

449 asthiss the Cudgeler (level 6, -2/67 HPs)
             Began as a Troll Fighter on May 30, 2017.
             Slain by an orc wizard
             ... wielding a +0 dagger
              (3 damage)
             ... on level 5 of the Dungeon.
             The game lasted 00:13:35 (3488 turns).

asthiss the Cudgeler (Troll Fighter)                Turns: 3488, Time: 00:13:38

Health: -2/67      AC:  5    Str: 32    XL:     6   Next: 74%
Magic:  5/5        EV:  9    Int:  4    God:
Gold:   250        SH: 11    Dex:  9    Spells: 5/5 levels left

rFire    . . .     SeeInvis .   a - +0 flail
rCold    . . .     Gourm    +   c - +1 shield
rNeg     . . .     Faith    .   b - +0 robe
rPois    .         Spirit   .   (helmet restricted)
rElec    .         Reflect  .   (no cloak)
rCorr    .         Harm     .   (gloves unavailable)
MR       .....                  (boots unavailable)
Stlth    +.........             (no amulet)
Regen    0.7/turn               i - ring of wizardry
MPRegen  0.1/turn               (no ring)

@: mighty, slowed, very slow
A: unfitting armour, claws 3, hooves 1, fast metabolism 3, gourmand,
regeneration 1, robust 1, shaggy fur 1, tough skin 2
a: no special abilities


You were on level 5 of the Dungeon.
You were not hungry.

You visited 1 branch of the dungeon, and saw 5 of its levels.

You collected 250 gold pieces.

Inventory:

Hand Weapons
 a - a +0 flail (weapon)
Armour
 b - a +0 robe (worn)
 c - a +1 shield (worn)
Jewellery
 i - a ring of wizardry (left claw)
Scrolls
 e - 4 scrolls of remove curse
Potions
 d - 3 potions of might
 k - 2 potions of mutation
Comestibles
 f - 5 bread rations
 g - 5 fruits
 h - a meat ration


   Skills:
 + Level 3.2 Fighting
 + Level 4.5 Maces & Flails
 + Level 3.5 Dodging
 + Level 0.2 Stealth
 + Level 3.5 Shields


You had 5 spell levels left.
You didn't know any spells.

Dungeon Overview and Level Annotations

Branches:
Dungeon (5/15)             Temple (0/1) D:4

Altars:
Ashenzari


Innate Abilities, Weirdness & Mutations

You are too large for most types of armour.
You have claws for hands.
Your metabolism is lightning-fast.
You like to eat raw meat.
Your natural rate of healing is unusually fast.
You are covered in fur. (AC +1)
You have very tough skin. (AC +2)
You have large cloven feet.
You are robust. (+10% HP)


Message History

Your kick misses the orc wizard. You block the bullfrog's attack.
The orc wizard gestures at you while chanting.
You feel yourself slow down. The bullfrog hits you.
* * * LOW HITPOINT WARNING * * *
You block the orc wizard's attack.
You thump the orc wizard! Your kick misses the orc wizard.
The orc wizard is heavily wounded.
The bullfrog hits you.
* * * LOW HITPOINT WARNING * * *
The orc wizard hits you but does no damage.
The bullfrog barely misses you. You block the orc wizard's attack.
The bullfrog barely misses you. The orc wizard hits you with a dagger.
* * * LOW HITPOINT WARNING * * *
You feel very mighty all of a sudden. The bullfrog hits you!
* * * LOW HITPOINT WARNING * * *
The orc wizard closely misses you.
The bullfrog hits you but does no damage.
The orc wizard hits you with a dagger.
You die...

#####.# #.....#
####.#...#
.........##
###.##...######
#.#..........
#......######
#####F## #@#
#o# #o#


.oo ..... ....... ..?...... +.........+ #....$....# You could see a bullfrog, an
orc priest, an orc wizard and 2 orcs.

Vanquished Creatures
  Sigmund (D:4)
  A howler monkey (D:4)
  The ghost of stringdemon the Ruffian, a weakling VSTm (D:3)
  An orc priest (D:5)
  2 hounds (D:4)
  An orc wizard (D:5)
  A hound skeleton (D:4)
  2 adders (D:3)
  2 oozes (D:1)
  3 worms
  3 dart slugs
  A leopard gecko (D:1)
  2 orcs
  2 ball pythons (D:1)
  A bat (D:2)
  4 giant cockroaches
  5 goblins
  7 hobgoblins
  4 jackals
  5 kobolds
  3 quokkas
  3 frilled lizards (D:2)
  A leopard gecko skeleton (D:4)
  A quokka skeleton (D:4)
  8 rats
65 creatures vanquished.

Vanquished Creatures (others)
  An ogre (D:4)
1 creature vanquished.

Grand Total: 66 creatures vanquished

Notes
Turn   | Place    | Note
-------+----------+-------------------------------------------
     0 | D:1      | asthiss the Troll Fighter began the quest for the Orb.
     0 | D:1      | Reached XP level 1. HP: 22/22 MP: 0/0
    49 | D:1      | Reached XP level 2. HP: 29/29 MP: 1/1
   288 | D:1      | Reached skill level 2 in Maces & Flails
   488 | D:1      | Reached XP level 3. HP: 30/36 MP: 2/2
  1607 | D:3      | Reached XP level 4. HP: 44/44 MP: 3/3
  1685 | D:3      | Gained mutation: You are robust. (+10% HP) [potion of mutation]
  1685 | D:3      | Gained mutation: You have large cloven feet. [potion of mutation]
  2070 | D:3      | Noticed stringdemon's ghost (weakling VSTm)
  2077 | D:3      | Killed stringdemon's ghost
  2270 | D:4      | Reached skill level 3 in Maces & Flails
  2270 | D:4      | Reached XP level 5. HP: 56/57 MP: 4/4
  2276 | D:4      | Noticed Sigmund
  2281 | D:4      | Killed an ogre
  2286 | D:4      | Killed Sigmund
  2286 | D:4      | Reached XP level 6. HP: 18/67 MP: 5/5
  2395 | D:4      | Found a staircase to the Ecumenical Temple.
  2705 | D:4      | Reached skill level 4 in Maces & Flails
  2762 | D:4      | Found a shattered altar of Ashenzari.
  3237 | D:5      | Entered Level 5 of the Dungeon
  3309 | D:5      | HP: 3/67 [poisoned by an orc wizard]
  3488 | D:5      | HP: 1/67 [bullfrog (9)]
  3488 | D:5      | Slain by an orc wizard

Skill      XL: |  1  2  3  4  5  6 |
---------------+-------------------+-----
Maces & Flails | 2 3 4 |  4.5
Shields        | 3 |  3.5
Dodging        | 3 |  3.5
Fighting       | 3 |  3.2
Stealth        | |  0.2

Action                   |  1- 3 |  4- 6 || total
-------------------------+-------+-------++-------
Melee: Flail             |   149 |   110 ||   259
       Kick              |       |    31 ||    31
  Use: Scroll            |     4 |     2 ||     6
       Potion            |       |     4 ||     4
 Stab: Sleeping          |     1 |       ||     1
  Eat: Chunk             |     9 |    11 ||    20
       Bread ration      |     1 |       ||     1
       Royal jelly       |       |     2 ||     2
       Meat ration       |       |     1 ||     1
Armor: Robe              |    57 |    26 ||    83
Dodge: Dodged            |    54 |    30 ||    84
Block: Shield            |    87 |    45 ||   132
